 Dungeon Crawl Stone Soup version 0.29.1-15-g9cfb28693d (webtiles) character file.

Game seed: 16122479618703333558

604 H0rd4k the Insei (level 7, -18/47 HPs)
             Began as an Octopode Artificer on Mar 7, 2023.
             Demolished by an ogre
             ... wielding a +0 giant spiked club
              (24 damage)
             ... on level 5 of the Dungeon.
             The game lasted 00:05:04 (4687 turns).

H0rd4k the Insei (Octopode Artificer)               Turns: 4687, Time: 00:05:04

Health: -18/47     AC:  1    Str: 11    XL:     7   Next: 42%
Magic:  11/11      EV: 13    Int: 16    God:
Gold:   267        SH:  0    Dex: 12    Spells: 12/12 levels left

rFire   . . .      SeeInvis +     - Unarmed
rCold   . . .      Faith    .   (no shield)
rNeg    . . .      Spirit   .   (helmet restricted)
rPois   .          Reflect  .   y - amulet of regeneration
rElec   .          Harm     .   u - ring of see invisible
rCorr   .          Rampage  .   (no ring)
Will    .....                   (no ring)
Stlth   +++.......              (no ring)
HPRegen 0.95/turn               (no ring)
MPRegen 0.12/turn               (no ring)
                                (no ring)
                                (no ring)

@: no status effects
A: almost no armour, amphibious, 8 rings, camouflage 1, gelatinous body 1,
(nimble swimmer 1), tentacles
a: no special abilities


You were on level 5 of the Dungeon.
You visited 2 branches of the dungeon, and saw 6 of its levels.

You collected 267 gold pieces.

Inventory:

Missiles
 v - 11 poisoned darts
 w - 6 atropa-tipped darts
Magical Staves
 z - a staff of conjuration
Jewellery
 d - an amulet of magic regeneration
 u - a ring of see invisible (left tentacle)
 y - an amulet of regeneration (around mantle)
Wands
 b - a wand of flame (33) (quivered)
 c - a wand of charming (1)
 B - a wand of acid (14)
Scrolls
 a - 2 scrolls of teleportation {unknown}
 f - 6 scrolls of identify {unknown}
 g - 2 scrolls of vulnerability {unknown}
 h - a scroll of noise {unknown}
 i - 4 scrolls of immolation {unknown}
 j - a scroll of fear {unknown}
 k - 2 scrolls of amnesia {unknown}
 m - 2 scrolls of butterflies {unknown}
 q - 2 scrolls of magic mapping {unknown}
 t - 3 scrolls of enchant armour {unknown}
 x - 2 scrolls of summoning {unknown}
Potions
 e - a potion of invisibility {unknown}
 l - a potion of flight {unknown}
 n - 2 potions of curing {unknown}
 o - 2 potions of cancellation {unknown}
 p - a potion of haste {unknown}
 r - a potion of lignification {unknown}
 s - 2 potions of attraction {unknown}
 A - a potion of degeneration {unknown}


   Skills:
 * Level 3.9 Fighting
 - Level 2.3 Dodging
 - Level 1.3 Stealth
 + Level 5.3 Unarmed Combat
 * Level 3.2 Spellcasting
 - Level 3.2 Evocations


You had 12 spell levels left.
You didn't know any spells.
Your spell library contained the following spells:

 Spells                   Type           Power      Damage    Failure   Level
 Apportation              Tloc           4%         N/A       19%         1
 Foxfire                  Conj/Fire      8%         2x1d4     19%         1
 Conjure Flame            Conj/Fire      2%         6-21      50%         3
 Inner Flame              Hex/Fire       2%         N/A       50%         3
 Portal Projectile        Hex/Tloc       4%         N/A       50%         3
 Tukima's Dance           Hex            2%         N/A       50%         3
 Flame Wave               Conj/Fire      2%         2d4       88%         4
 Alistair's Intoxication  Tmut/Pois      1%         N/A       99%         5
 Blade Hands              Tmut           1%         N/A       99%         5


Dungeon Overview and Level Annotations

Branches:
Dungeon (5/15)             Temple (1/1) D:4

Altars:
Ashenzari
Elyvilon
Fedhas
Hepliaklqana
Kikubaaqudgha
Makhleb
Nemelex Xobeh
Qazlal
Ru
Trog
Uskayaw
Vehumet
Wu Jian
Yredelemnul
Zin
The Shining One


Innate Abilities, Weirdness & Mutations

You cannot wear most types of armour.
You are amphibious.
You can wear up to eight rings at the same time.
Your skin changes colour to match your surroundings (Stealth+).
Your rubbery body absorbs attacks. (AC +1, EV +1)
((You are camouflaged when in or above water. (Stealth+)))
You have tentacles for arms and can constrict up to eight enemies at once.


Message History

Aiming: Charm
Press: ? - help, Shift-Dir - straight line, f - phantom
Aim: a phantom (severely damaged, chance to affect: 39%)
The phantom is charmed.
The howler monkey closely misses you.
Unknown command.
What are your orders? t - Shout!
Orders for allies: a - Attack new target. p - Attack previous target. r - Retreat! s - Stop attacking. g - Guard the area. f - Follow me.
Anything else - Cancel.
Guard this area!
Your phantom hits the ogre. The howler monkey misses you.
You tentacle-slap the howler monkey. You grab the howler monkey.
You squeeze the howler monkey, but do no damage.
The howler monkey is moderately wounded.
You constrict the howler monkey, but do no damage.
The howler monkey hoots and howls with incredible vigour!
Your phantom hits the ogre.
The ogre hits your phantom with a +0 giant spiked club!
Your phantom is destroyed!
You hear an angry growl.
You tentacle-slap the howler monkey but do no damage.
The howler monkey is moderately wounded.
You constrict the howler monkey. The howler monkey hits you.
* * * LOW HITPOINT WARNING * * *
You tentacle-slap the howler monkey.
The howler monkey is heavily wounded.
You constrict the howler monkey. The howler monkey barely misses you.
You release your grip on the howler monkey.
The howler monkey attacks as you move away!
The howler monkey closely misses you.
Aiming: Charm
Press: ? - help, Shift-Dir - straight line, f - ogre
Aim: an ogre, wielding a +0 giant spiked club (moderately wounded, chance to affect: 57%)
The ogre resists with significant effort.
The howler monkey hits you!
* * * LOW HITPOINT WARNING * * *
The ogre hits you with a +0 giant spiked club!!
Ouch! That really hurt!
You die...

## # ###.......
#....# .
#.....#.# #.####
#.#.#.###.## #.#
#.#.#......# #.#
#.>........# #)#
#.#.#.#.##.# #.#
#.#..$†.##.####.#
#.....#.##......#
#.##.@h....######
#.###O.....#
#.......####
######...# #...#
#...# #...# #...#
.....


You could see an ogre and a howler monkey.

Vanquished Creatures
  An ogre (D:5)
  2 kobold brigands (D:4)
  A necrophage (D:4)
  A hound (D:5)
  2 orc priests (D:4)
  2 orc wizards (D:4)
  2 adders
  An ufetubus (D:4)
  A worm (D:2)
  2 dart slugs (D:1)
  13 orcs
  5 ball pythons
  7 bats
  2 endoplasms
  5 giant cockroaches
  3 goblins (D:1)
  12 hobgoblins
  3 jackals (D:1)
  9 kobolds
  4 quokkas
  3 frilled lizards
  7 rats
88 creatures vanquished.

Vanquished Creatures (collateral kills)
  A hobgoblin (D:4)
  3 kobolds (D:4)
4 creatures vanquished.

Vanquished Creatures (others)
  A phantom (D:5)
  An orc priest (D:4)
  An orc wizard (D:4)
3 creatures vanquished.

Grand Total: 95 creatures vanquished

Notes
Turn   | Place    | Note
-------+----------+-------------------------------------------
     0 | D:1      | H0rd4k the Octopode Artificer began the quest for the Orb.
     0 | D:1      | Reached XP level 1. HP: 13/13 MP: 1/1
   229 | D:1      | Reached XP level 2. HP: 8/19 MP: 2/2
   783 | D:1      | Reached skill level 1 in Spellcasting
   995 | D:1      | Found a faded altar of an unknown god.
  1225 | D:1      | Reached XP level 3. HP: 24/24 MP: 4/4
  1748 | D:2      | Reached skill level 1 in Unarmed Combat
  2108 | D:2      | Reached XP level 4. HP: 18/30 MP: 6/6
  3293 | D:4      | Noticed a kobold brigand
  3477 | D:4      | Noticed a necrophage
  3485 | D:4      | Killed a necrophage
  3486 | D:4      | Reached skill level 2 in Unarmed Combat
  3486 | D:4      | Reached XP level 5. HP: 12/36 MP: 6/8
  3552 | D:4      | Noticed a kobold brigand
  3702 | D:4      | Killed a kobold brigand
  3703 | D:4      | Reached skill level 3 in Unarmed Combat
  3703 | D:4      | Reached XP level 6. HP: 40/42 MP: 9/9
  3834 | D:4      | Found a staircase to the Ecumenical Temple.
  3868 | Temple   | Entered the Ecumenical Temple
  4202 | D:4      | Reached skill level 4 in Unarmed Combat
  4325 | D:4      | Found a bloodstained altar of Trog.
  4508 | D:4      | Reached XP level 7. HP: 25/46 MP: 11/11
  4576 | D:5      | Entered Level 5 of the Dungeon
  4639 | D:5      | Reached skill level 5 in Unarmed Combat
  4687 | D:5      | Demolished by an ogre

Illustrated notes

Levels and vault maps discovered:
D:1:      co_arrival_random_square_maze, layout_basic,
          dreamdust_ecumenical_altar_angels_and_demons
D:2:      layout_loops_ring
D:3:      layout_loops_ring
D:4:      cheibrodos_thug_alley, layout_loops_corners, lightli_temple_of_fire,
          temple_doors_e
D:5:      layout_loops_cross, uniq_menkaure
Temple:   minmay_freezing_vapour_temple

Skill      XL: |  1  2  3  4  5  6  7 |
---------------+----------------------+-----
Fighting       | 2 3 |  3.9
Spellcasting   | 1 2 3 |  3.2
Unarmed Combat | 1 2 3 4 5 |  5.3
Dodging        | |  2.3
Stealth        | |  1.3
Evocations     | |  3.2

Action                   |  1- 3 |  4- 6 |  7- 9 || total
-------------------------+-------+-------+-------++-------
Melee: Unarmed           |    90 |   120 |    33 ||   243
       Tentacles         |    24 |    23 |     7 ||    54
       Constrict         |    30 |    33 |     5 ||    68
       Punch             |     2 |     3 |     1 ||     6
Evoke: Wand              |       |    17 |     6 ||    23
 Stab: Sleeping          |    13 |     7 |       ||    20
Armor: Skin              |     7 |     5 |     2 ||    14
Dodge: Dodged            |    45 |    87 |    19 ||   151
